 Dungeon Crawl Stone Soup version 0.29.1 (webtiles) character file.

Game seed: 17541839803476272137

144 xian the Covered (level 5, -4/33 HPs)
             Began as a Gargoyle Fighter on Sept 12, 2022.
             Slain by an orc warrior
             ... wielding a +0 scimitar
              (18 damage)
             ... on level 3 of the Dungeon.
             The game lasted 00:07:12 (2782 turns).

xian the Covered (Gargoyle Fighter)                 Turns: 2782, Time: 00:07:13

Health: -4/33      AC: 15    Str: 21    XL:     5   Next: 27%
Magic:  5/5        EV:  7    Int: 15    God:
Gold:   27         SH:  3    Dex:  4    Spells: 4/4 levels left

rFire   x . .      SeeInvis .   b - +6 falchion "Suin" {vamp, *Corrode rElec rPois Dex-5}
rCold   + . .      Faith    .   c - +0 buckler
rNeg    + . .      Spirit   .   t - +0 chain mail
rPois   ∞          Reflect  .   (no helmet)
rElec   +          Harm     .   (no cloak)
rCorr   .          Rampage  .   g - +1 pair of gloves {hurl}
Will    .....                   (no boots)
Stlth   ..........              (no amulet)
HPRegen 0.11/turn               e - +6 ring of intelligence
MPRegen 0.09/turn               a - ring of ice

@: mighty
A: sickness immunity, AC +4, negative energy resistance 1, electricity
resistance, torment resistance 1, petrification resistance
a: no special abilities


You were on level 3 of the Dungeon.
You visited 1 branch of the dungeon, and saw 3 of its levels.

You collected 232 gold pieces.
You spent 205 gold pieces at shops.

Inventory:

Hand Weapons
 b - the +6 falchion "Suin" (weapon) {vamp, *Corrode rElec rPois Dex-5}
   (You found it on level 3 of the Dungeon)

   It occasionally heals its wielder for a portion of the damage dealt when it
   wounds a living foe.
   Dex:       It affects your dexterity (-5).
   rElec:     It insulates you from electricity.
   rPois:     It protects you from poison.
   *Corrode:  It may corrode you when you take damage.
Armour
 c - a +0 buckler (worn)
 g - a +1 pair of gloves of hurling (worn)
 t - a +0 chain mail (worn)
Jewellery
 a - a ring of ice (right hand)
 e - a +6 ring of intelligence (left hand)
 r - a ring of magical power
Scrolls
 i - a scroll of torment {unknown}
 k - a scroll of vulnerability
 m - 2 scrolls of teleportation
 o - 2 scrolls of amnesia
Potions
 f - a potion of heal wounds {unknown}
 h - a potion of lignification {unknown}
 j - a potion of degeneration {unknown}
 n - a potion of attraction {unknown}
 p - 2 potions of berserk rage {unknown}
 s - 3 potions of brilliance {unknown}


   Skills:
 + Level 3.8 Fighting
 + Level 2.2 Short Blades
 + Level 2.2 Maces & Flails
 + Level 4.4 Armour
 + Level 0.3 Dodging
 + Level 3.9 Shields


You had 4 spell levels left.
You didn't know any spells.
Your spell library contained the following spells:

 Spells                   Type           Power      Damage    Failure   Level
 Portal Projectile        Hex/Tloc       0%         N/A       100%        3
 Tukima's Dance           Hex            0%         N/A       100%        3
 Blade Hands              Tmut           0%         N/A       100%        5
 Summon Forest            Summ/Tloc      0%         N/A       100%        5
 Summon Mana Viper        Hex/Summ       0%         N/A       100%        5
 Eringya's Noxious Bog    Tmut/Pois      0%         N/A       100%        6
 Summon Cactus Giant      Summ           0%         N/A       100%        6
 Summon Hydra             Summ           0%         N/A       100%        7


Dungeon Overview and Level Annotations

Branches:
Dungeon (3/15)

Altars:
Elyvilon

Shops:
D:2 *   D:3 [


Innate Abilities, Weirdness & Mutations

You are immune to sickness and miasma.
Your stone body is resilient. (AC +4)
You are immune to poison.
You resist negative energy. (rN+)
You are resistant to electric shocks. (rElec)
You are resistant to unholy torment.
You are immune to petrification.


Message History

The orc warrior shouts!
The orc warrior hits you with a +0 scimitar!
You hit the orc warrior.
You feel better.
The orc warrior is moderately wounded.
The orc warrior hits you with a +0 scimitar!
You hit the orc warrior but do no damage.
The orc warrior is moderately wounded.
The orc warrior closely misses you.
The orc shouts!
You hit the orc warrior.
The orc warrior is moderately wounded.
The orc warrior barely misses you.
The orc warrior hits you with a +0 scimitar.
You hit the orc warrior but do no damage.
The orc warrior is moderately wounded.
You block the orc warrior's attack.
You hit the orc warrior.
The orc warrior is moderately wounded.
The orc warrior hits you with a +0 scimitar.
You hit the orc warrior but do no damage.
The orc warrior is moderately wounded.
The orc warrior hits you with a +0 scimitar!
* * * LOW HITPOINT WARNING * * *
The orc warrior hits you but does no damage.
You feel better. The orc warrior barely misses you.
Okay, then.
You feel very mighty all of a sudden.
You slash the orc!
You kill the orc!
The orc warrior hits you with a +0 scimitar.
The orc warrior barely misses you.
You see here a +0 hand axe.
You slash the orc warrior!
You feel better.
The orc warrior is severely wounded.
The orc warrior hits you but does no damage.
You closely miss the orc warrior.
The orc warrior is severely wounded.
The orc warrior hits you with a +0 scimitar!!
Ouch! That really hurt!
You die...

.# #.# ##### #.# # .# #.#
#.# # .# #.# #.# # .### #.#
#.# # ...# #.###### #.# #
##.##########......# #.# #
#..............##.## #.# #
##.############.#...#####.#
# ...# #o@.........#### #
...# ###............# ...#
##.#.#######.#
..############ #....# #.#
....)....<...# #....# #.#
..##########.####....###
#.# .## #.#.........# #.#
.# #...........# #.# ##
###...).....# #.####


You could see an orc warrior.

Vanquished Creatures
  An orc priest (D:3)
  Terence (D:3)
  2 adders
  2 worms (D:2)
  2 dart slugs
  4 orcs
  3 ball pythons
  5 endoplasms
  5 giant cockroaches
  5 hobgoblins
  7 kobolds
  A quokka (D:1)
  3 bats
  5 frilled lizards
  5 goblins
  6 rats
57 creatures vanquished.

Notes
Turn   | Place    | Note
-------+----------+-------------------------------------------
     0 | D:1      | xian the Gargoyle Fighter began the quest for the Orb.
     0 | D:1      | Reached XP level 1. HP: 14/14 MP: 1/1
   176 | D:1      | Reached XP level 2. HP: 11/19 MP: 2/2
   578 | D:1      | Reached XP level 3. HP: 18/23 MP: 3/3
  1012 | D:2      | Reached skill level 1 in Short Blades
  1016 | D:2      | Found a faded altar of an unknown god.
  1621 | D:2      | Reached XP level 4. HP: 26/28 MP: 4/4
  1650 | D:2      | Found Muce's General Store.
  1696 | D:2      | Bought a potion of curing for 33 gold pieces
  1948 | D:3      | Found a white marble altar of Elyvilon.
  2178 | D:3      | Noticed Terence
  2188 | D:3      | Killed Terence
  2189 | D:3      | Reached skill level 4 in Armour
  2244 | D:3      | Identified the +6 falchion "Suin" {vamp, *Corrode rElec
                  | rPois Dex-5}
  2396 | D:3      | Reached XP level 5. HP: 9/33 MP: 5/5
  2396 | D:3      | Noticed an orc warrior
  2682 | D:3      | Found Ocutheol's Antique Armour Shop.
  2690 | D:3      | Bought a pair of embroidered gloves for 172 gold pieces
  2776 | D:3      | HP: 1/33 [orc warrior/+0 scimitar (15)]
  2782 | D:3      | Slain by an orc warrior

Illustrated notes

Levels and vault maps discovered:
D:1:      dpeg_chamrin_arrival_tetris, layout_basic
D:2:      cheibrodos_old_hovel, layout_loops_cross, basic_ecumenical_altar,
          serial_shops, nicolae_shop_advertising_works
          [nicolae_subvault_shop_adworks]
D:3:      layout_loops_ring, elyvilon_altar_1, serial_shops, shop,
          minmay_diced_spiral, uniq_terence

Skill      XL: |  1  2  3  4 |
---------------+-------------+-----
Short Blades   | 1 2 |  2.2
Armour         | 4 |  4.4
Fighting       | |  3.8
Maces & Flails | |  2.2
Dodging        | |  0.3
Shields        | |  3.9

Action                   |  1- 3 |  4- 6 || total
-------------------------+-------+-------++-------
Melee: Flail             |    30 |       ||    30
       Dagger            |   119 |    34 ||   153
       Falchion          |       |    28 ||    28
  Use: Scroll            |     1 |     2 ||     3
       Potion            |       |     3 ||     3
Armor: Scale mail        |    67 |    11 ||    78
       Chain mail        |       |    20 ||    20
Dodge: Dodged            |    50 |    21 ||    71
Block: Buckler           |    32 |     5 ||    37
